 Dungeon Crawl Stone Soup version 0.27.1-33-g824d729ab1 (webtiles) character file.

Game seed: 11217452946176453027

4130 Nixze the Magician (level 10, -2/94 (99) HPs)
             Began as a Green Draconian Transmuter on Dec 7, 2021.
             Was a Follower of Makhleb.
             Slain by a killer bee (3 damage)
             ... on level 8 of the Dungeon.
             The game lasted 00:28:58 (7463 turns).

Nixze the Magician (Green Draconian Transmuter)     Turns: 7463, Time: 00:28:58

HP:   -2/94 (99)    AC:  7    Str: 14    XL:     10   Next: 6%
MP:   18/20         EV: 11    Int: 14    God:    Makhleb [*.....]
Gold: 263           SH:  0    Dex: 13    Spells: 11/23 levels left

rFire    x . .     SeeInvis .     - Unarmed
rCold    + + +     Faith    .   (shield currently unavailable)
rNeg     . . .     Spirit   .   (armour unavailable)
rPois    +         Reflect  .   (helmet currently unavailable)
rElec    .         Harm     .   (cloak currently unavailable)
rCorr    .         Rampage  .   (gloves currently unavailable)
Will     .....                  (boots currently unavailable)
Stlth    +.........             b - amulet of regeneration
HPRegen  1.25/turn              c - +4 ring of slaying
MPRegen  0.17/turn              (no ring)

@: lethally poisoned (-2 -> -3), ice-form, lightly drained
A: freezing attack, amphibious, boosted hp, (breathe noxious fumes), AC +7,
large, unfitting armour, (poison resistance), (cold-blooded)
a: End Transformation, Renounce Religion


You were on level 8 of the Dungeon.
You worshipped Makhleb.
Makhleb was aware of your devotion.
You were a creature of crystalline ice.
You visited 2 branches of the dungeon, and saw 9 of its levels.

You collected 263 gold pieces.

Inventory:

Hand Weapons
 e - a +1 dagger of venom
Missiles
 f - 155 stones
 s - 33 poisoned darts (quivered)
Armour
 j - a scarf of harm
 v - a scarf of shadows (melded)
Jewellery
 b - an amulet of regeneration (around neck)
 c - a +4 ring of slaying (left front paw)
 g - an amulet of guardian spirit
Wands
 y - a wand of iceblast (8)
Scrolls
 h - 2 scrolls of blinking {unknown}
 i - 3 scrolls of magic mapping {unknown}
 l - 2 scrolls of teleportation {unknown}
 m - 5 scrolls of enchant armour
 n - 2 scrolls of fear {unknown}
 p - a scroll of acquirement {unknown}
 q - a scroll of vulnerability {unknown}
 r - 7 scrolls of identify {unknown}
 u - a scroll of immolation {unknown}
 x - a scroll of amnesia {unknown}
 z - a scroll of enchant weapon {unknown}
 A - a scroll of holy word {unknown}
 B - a scroll of fog {unknown}
Potions
 a - 3 potions of curing
 d - a potion of flight {unknown}
 k - 2 potions of degeneration {unknown}
 o - 3 potions of heal wounds {unknown}
 t - 2 potions of might {unknown}
 w - a potion of haste {unknown}


   Skills:
 + Level 5.8 Fighting
 - Level 4.0 Dodging
 + Level 6.6 Unarmed Combat
 - Level 7.0 Spellcasting
 - Level 3.0 Translocations
 - Level 6.0 Transmutations
 - Level 5.0 Ice Magic
 - Level 3.6 Poison Magic


You had 11 spell levels left.
You knew the following spells:

 Your Spells              Type           Power      Damage    Failure   Level
a - Beastly Appendage     Tmut           42%        N/A       1%          1
b - Spider Form           Tmut/Pois      9%         N/A       6%          3
c - Ice Form              Ice/Tmut       20%        N/A       14%         4
d - Wereblood             Tmut           21%        N/A       1%          2
e - Blink                 Tloc           N/A        N/A       6%          2

Your spell library contained the following spells:

 Spells                   Type           Power      Damage    Failure   Level
 Ozocubu's Armour         Ice            18%        N/A       5%          3
 Gell's Gravitas          Tloc           6%         N/A       12%         3
 Lesser Beckoning         Tloc           6%         N/A       12%         3
 Teleport Other           Tloc           13%        N/A       12%         3
 Animate Skeleton         Necr           8%         N/A       14%         1
 Foxfire                  Conj/Fire      16%        2x1d4     14%         1
 Pain                     Necr           16%        1d4       14%         1
 Static Discharge         Conj/Air       4%         N/A       22%         2
 Conjure Flame            Conj/Fire      4%         6-21      38%         3
 Inner Flame              Hex/Fire       4%         N/A       38%         3
 Vampiric Draining        Necr           2%         2d6       38%         3
 Manifold Assault         Tloc           13%        N/A       75%         5
 Lightning Bolt           Conj/Air       2%         1d13      98%         5
 Ozocubu's Refrigeration  Ice            9%         4d6       100%        7
 Storm Form               Tmut/Air       6%         N/A       100%        7
 Maxwell's Capacitive Co  Air            2%         ∞         100%        8


Dungeon Overview and Level Annotations

Branches:
Dungeon (8/15)             Temple (1/1) D:4
   Lair: D:8-11

Altars:
Ashenzari
Cheibriados
Dithmenos
Elyvilon
Fedhas
Gozag
Hepliaklqana
Kikubaaqudgha
Makhleb
Nemelex Xobeh
Okawaru
Qazlal
Ru
Sif Muna
Trog
Uskayaw
Vehumet
Wu Jian
Xom
Yredelemnul
Zin
The Shining One

Shops:
D:1 (   D:6 (

Annotations:
D:3 1 runed translucent door, spimroxx's ghost, amateur HOFi
D:8 Maurice


Innate Abilities, Weirdness & Mutations

You are a creature of crystalline ice.
You have a powerful freezing melee attack.
You are amphibious.
Your maximum health is increased.
Your armour is entirely melded.
You are incapable of wielding weapons or throwing items.
((You can breathe blasts of noxious fumes.))
((Your lurid green scales are hard. (AC +7)))
You cannot fit into any form of body armour.
((Your system is resistant to poisons. (rPois)))
((You are cold-blooded and may be slowed by cold attacks.))


Message History

The killer bee closely misses you. x2
The killer bee stings you but does no damage.
The killer bee stings you!
You are more poisoned.
The killer bee poisons you! The killer bee completely misses you.
The killer bee stings you.
* * * LOW HITPOINT WARNING * * *
It was a potion of curing.
You feel better. The killer bee stings you.
You are poisoned.
The killer bee poisons you!
The killer bee stings you but does no damage.
The killer bee barely misses you. The killer bee misses you. x2
The killer bee stings you. The killer bee closely misses you.
The killer bee stings you.
* * * LOW HITPOINT WARNING * * *
The killer bee stings you but does no damage.
The killer bee stings you.
* * * LOW HITPOINT WARNING * * *
You feel better. The killer bee closely misses you.
The killer bee stings you but does no damage.
The killer bee stings you.
* * * LOW HITPOINT WARNING * * *
The killer bee stings you.
* * * LOW HITPOINT WARNING * * *
The killer bee barely misses you. The killer bee closely misses you.
The killer bee stings you but does no damage.
The killer bee stings you!
* * * LOW HITPOINT WARNING * * *
The killer bee stings you!
* * * LOW HITPOINT WARNING * * *
You are poisoned.
The killer bee poisons you! The killer bee stings you.
* * * LOW HITPOINT WARNING * * *
You miss the killer bee.
The killer bee is almost dead.
You feel sick. The killer bee stings you.
* * * LOW HITPOINT WARNING * * *
The killer bee misses you. The killer bee closely misses you.
The killer bee stings you.
You die...

.........# #.#
.........# #.#
###+#..#.# #.#
#..#.# #.# #..#.#
#.# #..#.# #.#
#..#.# #.#
#..#.#####.#########
#..#.#.....yYy......
#.##..yyy......
#...........
#...........
#...........
#...........
#...........
#...........


You could see 5 killer bees.

Vanquished Creatures
  A rime drake (shapeshifter) (D:8)
  A troll (D:7)
  2 hornets
  A shadow (D:6)
  2 steam dragons (D:7)
  2 sky beasts
  3 black bears
  2 necrophages
  5 centaurs
  An ogre (D:4)
  A phantom (D:7)
  2 kobold brigands
  2 scorpions
  A water moccasin zombie (D:5)
  2 water moccasin skeletons
  A killer bee (D:8)
  7 wights
  2 howler monkeys
  2 centaur zombies (D:7)
  2 bullfrog zombies
  6 hounds
  A jelly (D:5)
  A centaur skeleton (D:6)
  2 orc priests
  A gnoll shaman (D:6)
  2 iguanas (D:6)
  2 orc wizards
  Natasha (D:2)
  A killer bee zombie (D:7)
  5 adders
  7 gnolls
  2 shadow imps
  An adder skeleton (D:4)
  6 worms
  4 dart slugs
  14 orcs
  8 ball pythons
  8 bats
  8 endoplasms
  A giant cockroach (D:3)
  10 goblins
  5 hobgoblins
  10 jackals
  15 kobolds
  2 quokkas
  A frilled lizard (D:1)
  4 rats
170 creatures vanquished.

Notes
Turn   | Place    | Note
-------+----------+-------------------------------------------
     0 | D:1      | Nixze the Draconian Transmuter began the quest for the Orb.
     0 | D:1      | Reached XP level 1. HP: 16/16 MP: 3/3
   184 | D:1      | Reached XP level 2. HP: 23/23 MP: 1/5
   723 | D:1      | Found Darean's Antique Weapon Boutique.
   807 | D:1      | Reached XP level 3. HP: 28/28 MP: 6/6
   812 | D:1      | Found a faded altar of an unknown god.
  1650 | D:2      | Noticed Natasha
  1656 | D:2      | Killed Natasha
  1657 | D:2      | Reached XP level 4. HP: 35/35 MP: 5/8
  2050 | D:2      | Learned a level 3 spell: Spider Form
  2055 | D:2      | Learned a level 4 spell: Ice Form
  2083 | D:3      | Reached skill level 3 in Spellcasting
  2386 | D:3      | Found a hide-covered altar of Uskayaw.
  2386 | D:3      | Found a sacrificial altar of Ru.
  2391 | D:3      | Found a shadowy altar of Dithmenos.
  2428 | D:3      | Reached skill level 1 in Poison Magic
  2439 | D:3      | Reached XP level 5. HP: 33/40 MP: 5/9
  2680 | D:3      | Found a runed translucent door.
  2694 | D:3      | Noticed spimroxx's ghost (amateur HOFi)
  2711 | D:3      | Found a snail-covered altar of Cheibriados.
  2716 | D:3      | Found a white marble altar of Elyvilon.
  3027 | D:3      | You fall into a shaft and drop 3 floors!
  3051 | D:6      | Reached XP level 6. HP: 22/47 MP: 6/11
  3212 | D:6      | Reached skill level 4 in Spellcasting
  3421 | D:6      | Found Joipt's Weapon Shoppe.
  3462 | D:6      | Your scales start taking on a lurid green colour.
  3462 | D:6      | Reached XP level 7. HP: 47/55 MP: 6/13
  3462 | D:6      | Gained mutation: Your system is resistant to poisons.
                  | (rPois) [Green Draconian growth]
  3515 | D:5      | Entered Level 5 of the Dungeon
  3577 | D:6      | Noticed a shadow
  3598 | D:6      | Killed a shadow
  3599 | D:6      | Reached skill level 5 in Unarmed Combat
  3998 | D:4      | Reached XP level 8. HP: 65/66 MP: 11/14
  4079 | D:4      | Reached skill level 1 in Ice Magic
  4204 | D:4      | Found a staircase to the Ecumenical Temple.
  4218 | Temple   | Entered the Ecumenical Temple
  4386 | Temple   | Became a worshipper of Makhleb the Destroyer
  4445 | D:4      | Found a shimmering blue altar of Sif Muna.
  4678 | D:4      | Noticed a hornet
  4686 | D:4      | Killed a hornet
  4687 | D:4      | Reached skill level 5 in Fighting
  4795 | D:5      | Reached skill level 5 in Transmutations
  4913 | D:5      | Reached skill level 5 in Spellcasting
  4961 | D:5      | Reached XP level 9. HP: 62/74 MP: 14/16
  5119 | D:5      | Identified the +0 chain mail of Compression {Dex+3}
  5313 | D:5      | Learned a level 2 spell: Wereblood
  5321 | D:5      | Learned a level 2 spell: Blink
  5394 | D:5      | Reached * piety under Makhleb
  5928 | D:6      | Found a radiant altar of Vehumet.
  5937 | D:6      | Found an ornate altar of the Wu Jian Council.
  5938 | D:6      | Found a blossoming altar of Fedhas.
  5940 | D:6      | Found an ancient bone altar of Kikubaaqudgha.
  6055 | D:7      | Noticed a troll
  6071 | D:7      | Killed a troll
  6072 | D:7      | Reached skill level 5 in Ice Magic
  6118 | D:7      | Reached skill level 1 in Translocations
  6499 | D:7      | Reached skill level 6 in Spellcasting
  6693 | D:7      | Found an iron altar of Okawaru.
  7048 | D:8      | Noticed a rime drake
  7056 | D:8      | Killed a rime drake
  7057 | D:8      | Reached skill level 7 in Spellcasting
  7076 | D:8      | Noticed Maurice
  7148 | D:8      | Found a basalt altar of Yredelemnul.
  7160 | D:8      | Reached XP level 10. HP: 81/81 MP: 11/20
  7374 | D:8      | Found a glowing golden altar of the Shining One.
  7463 | D:8      | HP: 1/94 [killer bee (5)]
  7463 | D:8      | Slain by a killer bee

Illustrated notes

Levels and vault maps discovered:
D:1:      erik_arrival_blinker_ship, layout_basic,
          chequers_ecumenical_altar_simple_redux, serial_shops,
          nicolae_lakefront_shop
D:2:      minmay_skewed_foursquare, layout_basic, minmay_tiny_reverse_x,
          uniq_natasha
D:3:      layout_loops_ring, nicolae_overflow_hidden_temple, serial_shops, shop,
          ebering_ghost_sewer_f, chequers_serial_rivers_micro_e
D:4:      layout_rooms, kennysheep_mini, minmay_temple_entry_drinking_statues
D:5:      layout_basic, chequers_jeans
D:6:      layout_basic, minitemple, serial_shops, shop
D:7:      layout_loops_ring, lemuel_round_altar
D:8:      layout_basic, mainiacjoe_overflow_tiny_flanked,
          yredelemnul_altar_generic, uniq_maurice, uniq_joseph
Temple:   nicolae_temple_figure_zero

Skill      XL: |  1  2  3  4  5  6  7  8  9 |
---------------+----------------------------+-----
Unarmed Combat | 4 6 |  6.6
Transmutations | 3 4 5 6 |  6.0
Spellcasting   | 3 4 5 7 |  7.0
Poison Magic   | 1 2 3 |  3.6
Dodging        | 2 3 4 |  4.0
Fighting       | 2 4 5 |  5.8
Ice Magic      | 3 5 |  5.0
Translocations | 3 |  3.0

Action                   |  1- 3 |  4- 6 |  7- 9 | 10-12 || total
-------------------------+-------+-------+-------+-------++-------
Melee: Unarmed           |    53 |    92 |   217 |    18 ||   380
       Kick              |    12 |     7 |     3 |       ||    22
       Headbutt          |     3 |     3 |     4 |       ||    10
       Tailslap          |     5 |     5 |     6 |       ||    16
       Punch             |       |     1 |     3 |       ||     4
Throw: Stone             |    38 |    58 |       |       ||    96
       Dart              |       |    13 |    16 |       ||    29
 Cast: Beastly Appendage |    21 |    16 |    11 |       ||    48
       Spider Form       |       |    10 |    23 |       ||    33
       Ice Form          |       |       |    12 |     2 ||    14
 Abil: Breathe Noxious F |       |       |    10 |       ||    10
  Use: Scroll            |       |     1 |       |       ||     1
       Potion            |       |       |       |     2 ||     2
 Stab: Confused          |       |       |     2 |       ||     2
Armor: Skin              |    13 |    21 |    40 |    12 ||    86
Dodge: Dodged            |    41 |    55 |   156 |    31 ||   283
